Map: Blackburn LE

Players

BratOK (Brat_OK)

  • Race: Terran Terran
  • League: Grandmaster

Geralt (Gerald) - Winner!

  • Race: Protoss Protoss
  • League: Grandmaster

Event: DreamHack SC2 Masters 2021 Summer

VOD

Have the link to the VOD?

Description

Time

  • Played on: May 30, 2021, 12:39 p.m.
  • Length: 11:55

All games in this series

Show
View Real Time Build Order
Export as new Build Order

BratOK Terran 

Build Orders:  

Get SALT Encoding   

  12  0:00  SCV  
  13  0:12  SCV  
  14  0:17  Supply Depot  
  14  0:24  SCV  
  15  0:38  SCV  
  15  0:39  Barracks  
  16  0:44  Refinery  
  16  0:51  SCV  
  17  1:03  SCV  
  18  1:15  SCV  
  19  1:26  Marine  
  19  1:27  Orbital Command  
  20  1:43  Command Center  
  20  1:56  SCV, Factory  
  21  2:02  Barracks Reactor  
  21  2:07  Supply Depot  
  21  2:09  SCV  
  22  2:22  Bunker  
  22  2:23  SCV  
  22  2:26  Refinery  
  23  2:35  SCV  
  24  2:40  Marine x2  
  24  2:41  Starport  
  26  2:48  Widow Mine  
  26  2:49  SCV  
  29  2:57  Orbital Command  
  29  3:04  SCV  
  29  3:05  Marine x2  
  30  3:09  Factory Tech Lab  
  32  3:17  SCV  
  33  3:23  Marine x2  
  33  3:24  Supply Depot  
  33  3:26  SCV  
  36  3:37  Raven  
  36  3:41  Marine x2  
  35  3:43  SCV x2  
  35  3:45  Factory Tech Lab  
  39  3:51  Barracks  
  39  3:53  Barracks  
  39  3:55  SCV  
  39  3:58  SCV  
  39  3:59  Refinery  
  39  4:01  Marine  
  39  4:02  Marine  
  43  4:08  SCV, Supply Depot  
  44  4:16  SCV  
  45  4:20  Engineering Bay  
  45  4:23  SCV  
  46  4:25  Marine x2  
  46  4:28  SCV  
  49  4:32  Supply Depot  
  49  4:33  Supply Depot  
  49  4:35  SCV  
  50  4:40  SCV  
  50  4:43  Marine x2  
  41  4:45  Stimpack  
  53  4:47  SCV  
  53  4:50  Terran Infantry Weapons Level 1  
  54  4:53  Marauder  
  54  4:54  Marauder  
  54  4:57  SCV  
  59  5:00  Starport Reactor, Factory Reactor  
  59  5:04  Marine x2  
  61  5:07  Combat Shield  
  61  5:09  SCV  
  61  5:12  Supply Depot  
  62  5:15  SCV  
  62  5:16  Marauder  
  62  5:20  Marauder  
  67  5:22  SCV  
  67  5:24  Marine  
  67  5:27  SCV, Supply Depot  
  70  5:33  Marine  
  70  5:34  Supply Depot  
  71  5:37  Medivac  
  71  5:38  Marauder  
  71  5:39  Medivac  
  77  5:45  Marauder, Marine  
  77  5:48  SCV x2  
  82  5:51  Marine  
  82  5:52  Widow Mine  
  84  5:57  Supply Depot  
  84  6:00  SCV  
  85  6:04  Supply Depot  
  85  6:07  Medivac  
  87  6:14  Marauder x2, Marine x2  
  93  6:19  Supply Depot  
  93  6:20  Widow Mine x2, Medivac  
  99  6:29  SCV  
  99  6:31  Marine  
  101  6:34  Marine  
  101  6:35  Marauder  
  101  6:36  Marauder  
  100  6:46  SCV  
  90  6:53  Viking x2  
  91  6:56  SCV, Command Center  
  92  7:05  Widow Mine x2, Marine x2  
  92  7:06  Terran Infantry Armor Level 1, Marauder x2  
  102  7:09  SCV x2  
  104  7:18  Barracks x2  
  104  7:21  SCV  
  104  7:24  Viking x2  
  108  7:32  SCV  
  108  7:33  Refinery, SCV, Marauder x2, Marine  
  115  7:39  Supply Depot  
  115  7:40  Supply Depot  
  115  7:43  Marine  
  116  7:51  Marine  
  116  7:54  SCV x2  
  116  7:55  Marauder x2  
  123  8:02  Supply Depot  
  123  8:03  Viking  
  123  8:05  Barracks Reactor, Supply Depot  
  125  8:06  Barracks Tech Lab  
  125  8:07  SCV  
  125  8:08  SCV  
  125  8:11  Orbital Command  
  127  8:16  Marauder  
  127  8:17  Viking  
  131  8:24  SCV  
  134  8:27  Marauder x2, Concussive Shells  
  134  8:33  Marine x2  
  137  8:37  Marauder  
  137  8:38  Viking  
  140  8:46  Supply Depot  
  140  8:47  Viking  
  140  8:48  Marauder, Marine, Supply Depot  
  144  8:50  Marine  
  144  8:54  SCV  
  144  8:55  SCV x2  
  148  8:59  Marauder  
  150  9:06  Marauder  
  150  9:09  Ghost Academy  
  154  9:10  Marauder  
  154  9:14  Viking  
  156  9:17  Viking  
  156  9:20  Marauder, Supply Depot  
  156  9:22  Supply Depot  
  156  9:23  SCV x3  
  161  9:25  Refinery x2  
  161  9:37  Bunker, Missile Turret  
  161  9:38  Missile Turret  
  160  9:39  Ghost  
  160  9:40  Ghost  
  160  9:45  Ghost  
  166  10:00  Enhanced Shockwaves  
  166  10:05  Viking x2  
  166  10:06  Widow Mine x2  
  174  10:12  Supply Depot  
  174  10:17  Marauder x2, Marine  
  178  10:27  Marauder, Marine x3  
  183  10:31  Supply Depot  
  183  10:32  Widow Mine x2  
  183  10:34  Marine, Supply Depot  
  187  10:35  Medivac x2  
  187  10:38  Marauder  
  193  10:56  Marauder x2, Marine x3  
  198  10:59  Marauder  
  194  11:05  Marine  
  195  11:17  Marauder  
  195  11:18  Marauder  
  199  11:19  Marine  
  199  11:32  Marauder  
  156  11:34  Marine  
Show
View Real Time Build Order
Export as new Build Order

Geralt Protoss - Winner!

Build Orders: 1 Gate Expand, Blink Stalkers, Colossus Rush 

Get SALT Encoding   

  12  0:00  Probe  
  13  0:12  Probe  
  14  0:17  Pylon  
  14  0:24  Probe (Chrono Boost)  
  16  0:37  Probe (Chrono Boost), Gateway  
  16  0:42  Probe (Chrono Boost)  
  16  0:47  Assimilator  
  17  0:51  Probe  
  18  1:03  Probe  
  19  1:15  Probe  
  20  1:24  Cybernetics Core  
  20  1:27  Probe  
  21  1:36  Nexus  
  21  1:45  Pylon  
  21  1:46  Probe  
  22  1:50  Assimilator  
  22  1:58  Probe  
  22  2:01  Adept (Chrono Boost)  
  23  2:04  Warp Gate  
  25  2:10  Probe  
  26  2:22  Probe  
  27  2:25  Stalker (Chrono Boost)  
  29  2:33  Twilight Council  
  29  2:34  Probe  
  30  2:46  Probe  
  30  2:48  Probe  
  30  2:50  Sentry  
  34  2:58  Probe  
  34  3:00  Probe  
  36  3:10  Probe, Gateway  
  37  3:13  Probe  
  37  3:15  Robotics Facility  
  38  3:23  Probe  
  38  3:25  Probe  
  40  3:27  Pylon  
  40  3:35  Probe  
  39  3:41  Probe  
  39  3:47  Probe  
  41  3:52  Blink (Chrono Boost)  
  41  3:53  Probe, Stalker  
  41  3:55  Nexus  
  44  4:04  Probe  
  44  4:06  Stalker  
  44  4:07  Probe  
  48  4:13  Observer  
  48  4:16  Probe  
  50  4:19  Probe  
  50  4:22  Pylon  
  51  4:26  Pylon, Assimilator  
  51  4:28  Probe, Stalker  
  51  4:30  Assimilator  
  54  4:40  Probe, Observer, Forge  
  54  4:41  Probe  
  57  4:46  Pylon, Stalker  
  57  4:52  Probe  
  60  4:54  Probe  
  60  4:57  Shield Battery  
  61  5:04  Probe  
  62  5:07  Robotics Bay  
  62  5:08  Probe  
  62  5:10  Probe  
  62  5:13  Gateway, Protoss Ground Weapons Level 1 (Chrono Boost)  
  64  5:16  Probe  
  64  5:17  Gateway  
  65  5:27  Observer  
  65  5:28  Probe  
  65  5:29  Probe  
  65  5:30  Sentry  
  65  5:31  Probe, Observer  
  65  5:32  Pylon  
  65  5:34  Pylon  
  70  5:36  Gateway  
  70  5:40  Observer, Probe  
  70  5:41  Probe  
  72  5:43  Probe, Stalker  
  72  5:48  Shield Battery  
  75  5:53  Colossus (Chrono Boost)  
  75  5:54  Probe  
  76  5:58  Extended Thermal Lance  
  82  6:07  Probe x2  
  82  6:10  Charge  
  82  6:11  Gateway x2  
  84  6:15  Zealot x2  
  84  6:18  Probe  
  89  6:22  Gateway  
  89  6:27  Stalker x2  
  89  6:28  Probe  
  93  6:44  Colossus (Chrono Boost)  
  85  6:49  Stalker x2  
  85  6:52  Probe, Photon Cannon  
  85  6:53  Photon Cannon  
  96  6:54  Assimilator  
  96  6:55  Shield Battery  
  96  6:57  Zealot x2, Assimilator  
  96  6:58  Observer  
  100  7:03  Zealot  
  100  7:05  Probe x2  
  104  7:10  Templar Archives  
  104  7:13  Gateway  
  104  7:14  Gateway  
  104  7:15  Observer  
  104  7:25  Zealot x2  
  104  7:26  Observer  
  104  7:29  Pylon  
  108  7:31  Pylon x2  
  108  7:35  Protoss Ground Weapons Level 2 (Chrono Boost)  
  108  7:42  Pylon x2  
  108  7:43  Photon Cannon, Pylon  
  98  7:51  Stalker x4  
  98  7:52  Probe x2  
  98  7:57  Photon Cannon  
  109  8:01  High Templar x2  
  109  8:02  High Templar  
  109  8:04  Probe (Chrono Boost)  
  109  8:05  Probe x2 (Chrono Boost)  
  116  8:11  Colossus (Chrono Boost)  
  117  8:14  Probe (Chrono Boost)  
  117  8:18  Probe x2 (Chrono Boost)  
  125  8:26  High Templar  
  127  8:29  Probe x2  
  127  8:30  Psionic Storm  
  129  8:34  Probe  
  129  8:38  Stalker x2  
  134  8:53  Nexus  
  134  8:54  Zealot  
  134  8:55  Pylon  
  134  9:02  Probe  
  135  9:04  Photon Cannon, Disruptor (Chrono Boost)  
  138  9:13  Zealot x3  
  138  9:14  Zealot  
  146  9:23  High Templar x2, Stalker x3  
  154  9:28  Shield Battery  
  154  9:29  Probe  
  154  9:31  Disruptor (Chrono Boost)  
  158  9:39  Probe  
  158  9:41  Probe  
  158  9:42  Forge  
  160  9:48  Probe  
  159  9:56  Photon Cannon, Pylon  
  159  9:57  Protoss Ground Armor Level 1 (Chrono Boost)  
  159  10:01  High Templar x2, Zealot  
  159  10:02  Warp Prism (Chrono Boost)  
  167  10:08  Probe  
  167  10:11  Zealot x4  
  167  10:12  Probe  
  177  10:23  High Templar  
  177  10:24  Zealot x3  
  185  10:41  Zealot  
  187  10:51  Pylon  
  187  10:55  Stalker x2  
  188  11:08  Zealot  
  188  11:09  Probe x2  
  190  11:16  Disruptor (Chrono Boost)  
  191  11:18  Nexus  
  191  11:20  Pylon  
  191  11:21  Gateway  
  191  11:23  Gateway  
  189  11:30  Archon  
  165  11:33  Zealot x8  
  165  11:39  Stalker x2  
  165  11:48  Gateway  
  165  11:49  Gateway  
  165  11:51  Gateway  
  164  11:54  Gateway  
Tags
 
Add a new tag
Caveats
  • Supply blocks, unpowered buildings, or Contaminate may cause inaccurate times.
  • Supply counts are checked every 10 seconds.